 Dungeon Crawl Stone Soup version 0.25.0-46-gbd7b0854d2 (console) character file.

Game seed: 15445250213015307017

511 Colgate the Summoner (level 6, -4/24 HPs)
             Began as a Felid Summoner on July 15, 2020.
             Was an Initiate of Kikubaaqudgha.
             Killed from afar by an orc wizard (12 damage)
             ... with a puff of frost
             ... on level 6 of the Dungeon.
             The game lasted 01:31:17 (6961 turns).

Colgate the Summoner (Felid Summoner)               Turns: 6961, Time: 01:31:18

Health: -4/24      AC:  2    Str:  4    XL:     6   Next: 99%
Magic:  7/22       EV: 18    Int: 19    God:    Kikubaaqudgha [......]
Gold:   326        SH:  0    Dex: 16    Spells: 4/13 levels left
                                        Lives:  0   Deaths: 2

rFire    . . .     SeeInvis +     - Unarmed
rCold    . . .     Gourm    .   (shield unavailable)
rNeg     . . .     Faith    .   (armour unavailable)
rPois    .         Spirit   .   (helmet unavailable)
rElec    .         Reflect  .   (cloak unavailable)
rCorr    .         Harm     .   (gloves unavailable)
MR       .....                  (boots unavailable)
Stlth    +++.......             (no amulet)
HPRegen  0.08/turn              o - ring of wizardry
MPRegen  0.18/turn              t - ring of magical power

@: lethally poisoned (-4 -> -7), quick
A: very small, no armour, no weapons or thrown items, stealth, claws 1, fangs 3,
see invisible, carnivore, speed 1, shaggy fur 2, slow metabolism 1, sharp paws
a: Renounce Religion


You were on level 6 of the Dungeon.
You worshipped Kikubaaqudgha.
Kikubaaqudgha was noncommittal.
You were very full.

You visited 1 branch of the dungeon, and saw 6 of its levels.

You collected 326 gold pieces.

Inventory:

Jewellery
 o - a ring of wizardry (left paw)
 t - a ring of magical power (right paw)
Scrolls
 a - 6 scrolls of teleportation
 d - a scroll of random uselessness {unknown}
 e - 2 scrolls of fear
 g - 2 scrolls of magic mapping {unknown}
 i - 2 scrolls of remove curse {unknown}
 l - 3 scrolls of amnesia
 m - a scroll of enchant weapon {unknown}
 n - a scroll of immolation {unknown}
 p - a scroll of enchant armour {unknown}
 s - a scroll of noise {unknown}
Potions
 c - a potion of flight
 f - 2 potions of curing
 h - 2 potions of might
 j - a potion of cancellation
 k - a potion of invisibility {unknown}
 q - a potion of stabbing
Comestibles
 b - 11 rations


   Skills:
 - Level 2.7 Dodging
 - Level 4.2 Stealth
 - Level 3.0 Unarmed Combat
 + Level 4.0 Spellcasting
 - Level 8.0 Summonings


You had 4 spell levels left.
You knew the following spells:

 Your Spells              Type           Power        Failure   Level  Hunger
a - Summon Lightning Spi  Summ/Air       ###.....     11%         4    ####...
b - Call Imp              Summ           ####....     1%          2    ##.....
c - Call Canine Familiar  Summ           ####....     1%          3    ###....

Your spell library contained the following spells:

 Spells                   Type           Power        Failure   Level  Hunger
 Summon Small Mammal      Summ           ####         1%          1    None
 Summon Guardian Golem    Hex/Summ       ###.....     3%          3    ###....
 Summon Ice Beast         Ice/Summ       ###.....     11%         4    ####...


Dungeon Overview and Level Annotations

Branches:
Dungeon (6/15)
 Temple: D:4-7

Altars:
Cheibriados
Gozag
Kikubaaqudgha
Makhleb

Shops:
D:4 =


Innate Abilities, Weirdness & Mutations

You cannot wear armour.
You are incapable of wielding weapons or throwing items.
Your paws allow you to move quietly. (Stealth)
You have sharp claws.
You have razor-sharp teeth.
You have supernaturally acute eyesight. (SInv)
You are carnivorous and can eat meat at any time.
You cover ground quickly.
You are covered in thick fur. (AC +2)
You have a slow metabolism.
Your sharp claws are effective at attacking unaware monsters.


Message History

Confirm with . or Enter, or press ? or * to list all spells.
A beastly little devil appears in a puff of flame.
Your hound bites the orc wizard.
The orc wizard casts a spell.
The orc wizard flickers and vanishes for a moment.
Your hound closely misses the orc wizard.
Your crimson imp closely misses the orc wizard.
The orc closely misses your crimson imp.
Your hound completely misses the orc wizard.
Your crimson imp barely misses the orc wizard.
You swap places.
The orc wizard hits your crimson imp but does no damage.
Your crimson imp blinks!
The orc misses your hound.
You feel sick.
The orc wizard points at you and mumbles some strange words.
The puff of frost hits you!
Ouch! That really hurt!
You die...
Kikubaaqudgha rasps: "You have failed me!
Welcome... death!"

## # ...#.
#....#####
..........
#.....5.#.
#@#. #.#.##
#ยง#..#
#o##.# #
#o##.#
#.#h5.5##
###..o.8[.#
.........#.#
########.#<#
#.### )..


You could see 2 orc wizards, an orc, a friendly hound (summoned) and 2 friendly
crimson imps.

Vanquished Creatures
  A phantom (D:4)
  A howler monkey (D:5)
  A crimson imp (D:5)
  A worker ant (D:4)
  A worker ant zombie (D:5)
  4 adders
  A dart slug (D:3)
  5 leopard geckos
  4 orcs (D:3)
  A ball python (D:3)
  6 bats
  2 giant cockroaches (D:3)
  5 goblins
  2 hobgoblins
  7 jackals
  6 frilled lizards
  A giant cockroach zombie (D:5)
  2 kobolds (D:1)
  2 quokka skeletons (D:5)
  4 rats
  A rat zombie (D:2)
58 creatures vanquished.

Vanquished Creatures (collateral kills)
  Eustachio (D:5)
  The ghost of walterwhite the Skirmisher, an amateur DsFi (D:3)
  3 orc warriors (D:5)
  Blork the orc (D:5)
  A gnoll sergeant (D:5)
  A wight (D:5)
  3 killer bees (D:5)
  A crimson imp (D:5)
  A jelly (D:6)
  2 hounds
  2 orc priests (D:3)
  An orc wizard (D:3)
  2 worker ants (D:4)
  3 adders
  A dart slug (D:2)
  A leopard gecko (D:3)
  3 orcs
  A giant cockroach (D:3)
  A goblin (D:1)
  2 hobgoblins
  4 jackals
  A frilled lizard (D:1)
  A jackal skeleton (D:3)
  3 kobolds (D:1)
  A rat (D:1)
42 creatures vanquished.

Grand Total: 100 creatures vanquished

Notes
Turn   | Place    | Note
-------+----------+-------------------------------------------
     0 | D:1      | Colgate the Felid Summoner began the quest for the Orb.
     0 | D:1      | Reached XP level 1. HP: 7/7 MP: 4/4
   795 | D:1      | Reached XP level 2. HP: 11/11 MP: 1/6
   799 | D:1      | Learned a level 2 spell: Call Imp
  1556 | D:2      | Reached skill level 5 in Summonings
  1559 | D:2      | Reached XP level 3. HP: 12/14 MP: 5/7
  1573 | D:2      | Learned a level 3 spell: Call Canine Familiar
  1693 | D:2      | Reached skill level 1 in Unarmed Combat
  1867 | D:2      | Found a burning altar of Makhleb.
  1979 | D:2      | You fall into a shaft and drop 2 floors!
  1992 | D:4      | Reached XP level 4. HP: 12/18 MP: 1/8
  2095 | D:4      | Noticed a phantom
  2191 | D:4      | Killed a phantom
  2281 | D:4      | Reached XP level 5. HP: 17/21 MP: 5/9
  2547 | D:4      | Found Annoso's Jewellery Shoppe.
  2720 | D:3      | Found a snail-covered altar of Cheibriados.
  3354 | D:3      | Found a runed translucent gate.
  3396 | D:3      | Found a runed translucent gate.
  3397 | D:3      | Found a runed translucent gate.
  3398 | D:3      | Found an opulent altar of Gozag.
  3400 | D:3      | Noticed walterwhite's ghost (amateur DsFi)
  3420 | D:3      | Slain by walterwhite's ghost
  3421 | D:3      | Reached XP level 4. HP: -4/18 MP: 1/8
  3443 | D:3      | Killed walterwhite's ghost
  3443 | D:3      | Reached skill level 6 in Summonings
  3443 | D:3      | Reached XP level 5. HP: 3/21 MP: 5/9
  3948 | D:2      | Found an ancient bone altar of Kikubaaqudgha.
  3959 | D:2      | Became a worshipper of Kikubaaqudgha
  5486 | D:5      | Entered Level 5 of the Dungeon
  5583 | D:5      | Gained mutation: You are covered in thick fur. (AC +2)
                  | [Felid growth]
  5583 | D:5      | Reached XP level 6. HP: 24/24 MP: 10/10
  5616 | D:5      | Reached skill level 7 in Summonings
  5689 | D:5      | Learned a level 4 spell: Summon Lightning Spire
  5704 | D:5      | Noticed Eustachio
  5719 | D:5      | Killed Eustachio
  6049 | D:5      | Noticed an orc warrior
  6051 | D:5      | Noticed an orc warrior
  6053 | D:5      | Noticed Blork the orc
  6053 | D:5      | Noticed an orc warrior
  6059 | D:5      | Killed an orc warrior
  6059 | D:5      | Killed an orc warrior
  6059 | D:5      | Reached XP level 7. HP: 27/27 MP: 8/11
  6095 | D:5      | Killed from afar by Blork the orc
  6095 | D:5      | Reached skill level 8 in Summonings
  6096 | D:5      | Reached XP level 6. HP: -1/24 MP: 1/19
  6571 | D:5      | Killed Blork the orc
  6575 | D:5      | HP: 1/24 [orc warrior/+0 great sword (23)]
  6582 | D:5      | Killed an orc warrior
  6961 | D:6      | Killed from afar by an orc wizard

Illustrated notes

Levels and vault maps discovered:
D:1:      dpeg_arrival_concentric_ovals, layout_loops_ring
D:2:      layout_rooms, lemuel_zombie_altar_kikubaaqudgha, bloody_makhleb
D:3:      layout_loops_ring, kennysheep_slug_shrine, ebering_ghost_gozag,
          first_ration, patterned_corridor
D:4:      layout_basic, serial_shops, nicolae_shop_stone
D:5:      layout_loops_cross, fountainhead, sword_in_stone, uniq_eustachio
D:6:      layout_basic, minmay_misc_feat_cross

Skill      XL: |  1  2  3  4  5  6  7 |
---------------+----------------------+-----
Summonings     | 5 6 7 8 |  8.0
Unarmed Combat | 1 2 3 |  3.0
Stealth        | 3 4 |  4.2
Spellcasting   | 4 |  4.0
Dodging        | |  2.7

Action                   |  1- 3 |  4- 6 |  7- 9 || total
-------------------------+-------+-------+-------++-------
Melee: Unarmed           |    75 |   168 |     2 ||   245
       Bite              |     9 |     9 |       ||    18
       Punch             |       |     1 |       ||     1
 Cast: Summon Small Mamm |     9 |       |       ||     9
       Call Imp          |     4 |    47 |     2 ||    53
       Call Canine Famil |     3 |     9 |       ||    12
       Summon Lightning  |       |     9 |     2 ||    11
  Use: Scroll            |     1 |     6 |       ||     7
       Potion            |     1 |       |       ||     1
 Stab: Sleeping          |     9 |    13 |       ||    22
       Distracted        |     1 |     1 |       ||     2
  Eat: Chunk             |    10 |    23 |       ||    33
Armor: Skin              |     4 |     6 |       ||    10
Dodge: Dodged            |    66 |   139 |    13 ||   218
